TOP OF THE 1ST |
Lansing Lugnuts batting - Pitching for Lexington Legends : RHP Howie Seidler
|
Pitching: RHP Howie Seidler
|
|
Batting: RHB Tokuji Kawabata
|
0-0: Ball 1-0: Ball 2-0: Ball 3-0: Base on Balls
|
Batting: RHB Justin Geiger
|
0-0: Ball 1-0: Ball 2-0: Foul Ball, location: 2F 2-1: Called Strike 2-2: DOUBLE (Flyball, 89D, EV 105.0 MPH) Tokuji Kawabata to third
|
Batting: RHB Kyle Davis
|
0-0: DOUBLE (Groundball, 5L, EV 107.5 MPH) Tokuji Kawabata scores Justin Geiger scores
|
Batting: RHB Brian Manson
|
0-0: Called Strike 0-1: Swinging Strike 0-2: Ball 1-2: Ball 2-2: Strikes out looking
|
Batting: RHB Taylor Peavey
|
0-0: SINGLE (Groundball, 6S, EV 64.4 MPH) (infield hit) Kyle Davis to third
|
Batting: LHB Eddie Muniz
|
0-0: Ball 1-0: Called Strike 1-1: Ball 2-1: Fly out, F8 (Flyball, 8LM, EV 92.5 MPH) Runner from 3rd tags up, SCORES, throw by CF
|
Pitching: RHP Joe Adelmann
|
|
Batting: LHB Roger Escareno
|
0-0: Ball Taylor Peavey steals 2nd base 1-0: Ball 2-0: Ball 3-0: Base on Balls
|
Batting: SHB Tristan Dearing
|
0-0: Called Strike 0-1: SINGLE (Groundball, 34D, EV 105.0 MPH) Taylor Peavey to third Roger Escareno to second Runner from 3rd tries for Home, throw by RF and OUT! 9-2
|
Top of the 1st over - 3 runs, 4 hits, 0 errors, 2 left on base; Lansing 3 - Lexington 0 |
BOTTOM OF THE 1ST |
Lexington Legends batting - Pitching for Lansing Lugnuts : LHP Steve Pratt
|
Pitching: LHP Steve Pratt
|
|
Batting: SHB Ryoji Hiraoka
|
0-0: Ball 1-0: Ball 2-0: Foul Ball, location: 2F 2-1: Foul Ball, location: 2F 2-2: Foul Ball, location: 2F 2-2: Ball 3-2: Strikes out swinging
|
Batting: RHB Doug Carter
|
0-0: Called Strike 0-1: Foul Ball, location: 2F 0-2: Strikes out swinging
|
Batting: RHB Andy Urquhart
|
0-0: Ball 1-0: Fly out, F9 (Flyball, 9, EV 88.1 MPH)
|
Bottom of the 1st over - 0 runs, 0 hits, 0 errors, 0 left on base; Lansing 3 - Lexington 0 |
TOP OF THE 2ND |
Lansing Lugnuts batting - Pitching for Lexington Legends : RHP Joe Adelmann
|
Batting: LHB Frank Nelson
|
0-0: Swinging Strike 0-1: Ball 1-1: Foul Ball, location: 2F 1-2: SINGLE (Groundball, 6S, EV 70.0 MPH) (infield hit)
|
Batting: RHB Tokuji Kawabata
|
0-0: Ball 1-0: Ball 2-0: Ball 3-0: Base on Balls Frank Nelson to second
|
Batting: RHB Justin Geiger
|
0-0: Foul Ball, location: 2F 0-1: Swinging Strike 0-2: Foul Ball, location: 2F 0-2: Ball 1-2: Strikes out swinging
|
Pitching: LHP Tyler Abraham
|
|
Batting: RHB Kyle Davis
|
0-0: Ball 1-0: Ball 2-0: Ball 3-0: Base on Balls Frank Nelson to third Tokuji Kawabata to second
|
Batting: RHB Brian Manson
|
0-0: Ball 1-0: Foul Ball, location: 2F 1-1: Ball 2-1: Called Strike 2-2: SINGLE (Groundball, 56S, EV 71.2 MPH) (infield hit) Frank Nelson scores Tokuji Kawabata to third Kyle Davis to second
|
Batting: RHB Taylor Peavey
|
0-0: Fly out, F3 (Popup, 3S, EV 70.6 MPH)
|
Batting: LHB Eddie Muniz
|
0-0: SINGLE (Groundball, 4D, EV 96.9 MPH) Tokuji Kawabata scores Kyle Davis to third Brian Manson to second Runner from 3rd tries for Home, throw by CF and OUT! 8-2
|
Top of the 2nd over - 2 runs, 3 hits, 0 errors, 2 left on base; Lansing 5 - Lexington 0 |
BOTTOM OF THE 2ND |
Lexington Legends batting - Pitching for Lansing Lugnuts : LHP Steve Pratt
|
Batting: LHB Robert Wilkins
|
0-0: Called Strike 0-1: Swinging Strike 0-2: Ball 1-2: Ball 2-2: Ground out 5-3 (Groundball, 15, EV 86.2 MPH)
|
Batting: RHB Pete Deschamps
|
0-0: Foul Ball, location: 2F 0-1: Ground out 5-3 (Groundball, 56, EV 105.0 MPH)
|
Batting: RHB Ben Garrett
|
0-0: DOUBLE (Line Drive, 7LM, EV 107.5 MPH)
|
Batting: RHB Nate De Jongh
|
0-0: Swinging Strike 0-1: Ball 1-1: Fly out, F8 (Flyball, 78M, EV 71.2 MPH)
|
Bottom of the 2nd over - 0 runs, 1 hit, 0 errors, 1 left on base; Lansing 5 - Lexington 0 |
TOP OF THE 3RD |
Lansing Lugnuts batting - Pitching for Lexington Legends : LHP Tyler Abraham
|
Batting: LHB Roger Escareno
|
0-0: Called Strike 0-1: DOUBLE (Line Drive, 9LS, EV 110.6 MPH)
|
Pinch Runner at 2nd Mike Strey:
|
|
Batting: SHB Tristan Dearing
|
0-0: Ball 1-0: Ball 2-0: DOUBLE (Line Drive, 89XD, EV 103.1 MPH) Mike Strey scores
|
Batting: LHB Frank Nelson
|
0-0: Ball Tristan Dearing steals 3rd base 1-0: Foul Ball, location: 2F 1-1: Ball 2-1: Ball 3-1: Base on Balls
|
Pitching: RHP Junsuke Abe
|
|
Batting: RHB Tokuji Kawabata
|
0-0: Ball Frank Nelson steals 2nd base 1-0: Foul Ball, location: 2F 1-1: Ball 2-1: Ball 3-1: DOUBLE (Line Drive, 7LM, EV 98.8 MPH) Tristan Dearing scores Frank Nelson scores
|
Batting: RHB Justin Geiger
|
0-0: Ball 1-0: Foul Ball, location: 2F 1-1: Swinging Strike 1-2: SINGLE (Line Drive, 56, EV 95.0 MPH) Tokuji Kawabata to third
|
Batting: RHB Kyle Davis
|
0-0: Called Strike 0-1: Ball 1-1: SINGLE (Groundball, 56S, EV 65.6 MPH) (infield hit) Tokuji Kawabata scores Justin Geiger to second
|
Batting: RHB Brian Manson
|
0-0: Ball 1-0: DOUBLE (Groundball, 5L, EV 100.0 MPH) Justin Geiger scores Kyle Davis to third
|
Batting: RHB Taylor Peavey
|
0-0: Ball 1-0: Called Strike 1-1: Ball 2-1: Foul Ball, location: 2F 2-2: Foul Ball, location: 2F 2-2: Ball 3-2: Foul Ball, location: 2F 3-2: Base on Balls
|
Pitching: LHP Hyoji Kawabata
|
|
Batting: LHB Eddie Muniz
|
0-0: Called Strike 0-1: Ball 1-1: Called Strike 1-2: Reached on error, E4 (Groundball, 4, EV 105.0 MPH) Kyle Davis scores Brian Manson to third Taylor Peavey to second
|
Batting: RHB Mike Strey
|
0-0: Ball 1-0: Foul Ball, location: 2F 1-1: Called Strike 1-2: Ball 2-2: Strikes out looking
|
Batting: SHB Tristan Dearing
|
0-0: Called Strike 0-1: Fly out, F9 (Flyball, 9S, EV 95.0 MPH) Runner from 3rd tags up, OUT at HOME! 9-2
|
Top of the 3rd over - 6 runs, 6 hits, 1 error, 2 left on base; Lansing 11 - Lexington 0 |
BOTTOM OF THE 3RD |
Lexington Legends batting - Pitching for Lansing Lugnuts : LHP Steve Pratt
|
Now at 3B: Mike Strey
|
|
Batting: RHB Kunimatsu Oya
|
0-0: Called Strike 0-1: Ground out 1-3 (Groundball, 23, EV 69.4 MPH)
|
Batting: RHB Eric Erickson
|
0-0: Ball 1-0: Reached via error on a dropped throw from 1B, E1 (Groundball, 13, EV 85.6 MPH)
|
Batting: SHB Ryoji Hiraoka
|
0-0: Ball 1-0: Swinging Strike 1-1: Ball 2-1: Swinging Strike 2-2: Ball 3-2: Strikes out swinging
|
Batting: RHB Doug Carter
|
0-0: Ball Eric Erickson steals 2nd, throwing error, E2 Eric Erickson to third 1-0: Called Strike 1-1: Called Strike 1-2: Strikes out looking
|
Bottom of the 3rd over - 0 runs, 0 hits, 2 errors, 1 left on base; Lansing 11 - Lexington 0 |
TOP OF THE 4TH |
Lansing Lugnuts batting - Pitching for Lexington Legends : LHP Hyoji Kawabata
|
Batting: LHB Frank Nelson
|
0-0: Ball 1-0: Called Strike 1-1: Ball 2-1: Called Strike 2-2: Fly out, F8 (Flyball, 8RD, EV 100.6 MPH)
|
Batting: RHB Tokuji Kawabata
|
0-0: Foul Ball, location: 2F 0-1: Swinging Strike 0-2: Foul Ball, location: 2F 0-2: Ball 1-2: Ball 2-2: Foul Ball, location: 2F 2-2: Foul Ball, location: 2F 2-2: SINGLE (Line Drive, 8RS, EV 99.4 MPH)
|
Pitching: LHP David Bearden
|
|
Batting: RHB Justin Geiger
|
0-0: SINGLE (Groundball, 4MD, EV 103.8 MPH) Tokuji Kawabata to second Throwing error, E8 Tokuji Kawabata scores Justin Geiger to second
|
Batting: RHB Kyle Davis
|
0-0: Foul Ball, location: 2F 0-1: Ball Wild Pitch! Justin Geiger to third 1-1: Foul Ball, location: 2F 1-2: Ball 2-2: Ball 3-2: Foul Ball, location: 2F 3-2: Base on Balls
|
Batting: RHB Brian Manson
|
0-0: Foul Ball, location: 2F 0-1: Foul Ball, location: 2F 0-2: Ball 1-2: Grounds into double play, 6-4-3 (Groundball, 6, EV 89.4 MPH)
|
Top of the 4th over - 1 run, 2 hits, 1 error, 1 left on base; Lansing 12 - Lexington 0 |
BOTTOM OF THE 4TH |
Lexington Legends batting - Pitching for Lansing Lugnuts : LHP Steve Pratt
|
Batting: RHB Andy Urquhart
|
0-0: Foul Ball, location: 2F 0-1: Called Strike 0-2: Ball 1-2: Strikes out swinging
|
Batting: LHB Robert Wilkins
|
0-0: Fly out, F4 (Line Drive, 4, EV 69.4 MPH)
|
Batting: RHB Pete Deschamps
|
0-0: Foul Ball, location: 2F 0-1: Foul Ball, location: 2F 0-2: Foul Ball, location: 2F 0-2: Ball 1-2: Foul Ball, location: 2F 1-2: Strikes out swinging, 2-3 out at first.
|
Bottom of the 4th over - 0 runs, 0 hits, 0 errors, 0 left on base; Lansing 12 - Lexington 0 |
TOP OF THE 5TH |
Lansing Lugnuts batting - Pitching for Lexington Legends : LHP David Bearden
|
Batting: RHB Taylor Peavey
|
0-0: Called Strike 0-1: Hit by Pitch
|
Batting: LHB Eddie Muniz
|
0-0: Ball Wild Pitch! Taylor Peavey to second 1-0: Ball 2-0: Swinging Strike 2-1: Swinging Strike 2-2: Foul Ball, location: 2F 2-2: Ball 3-2: Foul Ball, location: 2F 3-2: Base on Balls
|
Batting: RHB Mike Strey
|
0-0: Called Strike 0-1: Foul Ball, location: 2F 0-2: SINGLE (Groundball, 56D, EV 95.0 MPH) Taylor Peavey to third Eddie Muniz to second
|
Batting: SHB Tristan Dearing
|
0-0: Fly out, F8 (Flyball, 89M, EV 95.6 MPH)
|
Batting: LHB Frank Nelson
|
0-0: Called Strike 0-1: Ball 1-1: Called Strike 1-2: Ball 2-2: DOUBLE (Flyball, 8LXD, EV 91.2 MPH) Taylor Peavey scores Eddie Muniz scores Mike Strey to third
|
Batting: RHB Tokuji Kawabata
|
0-0: Called Strike 0-1: Ball 1-1: Ball 2-1: Ball 3-1: Base on Balls
|
Batting: RHB Justin Geiger
|
0-0: Foul Ball, location: 2F 0-1: Fly out, F9 (Line Drive, 9S, EV 91.9 MPH) Lined into DP, 9-6 (Line Drive, 9S, EV 91.9 MPH)
|
Top of the 5th over - 2 runs, 2 hits, 0 errors, 2 left on base; Lansing 14 - Lexington 0 |
BOTTOM OF THE 5TH |
Lexington Legends batting - Pitching for Lansing Lugnuts : LHP Steve Pratt
|
Batting: RHB Ben Garrett
|
0-0: Ball 1-0: SINGLE (Groundball, 6MD, EV 110.0 MPH)
|
Batting: RHB Nate De Jongh
|
0-0: Called Strike 0-1: Ball 1-1: Called Strike 1-2: Foul Ball, location: 2F 1-2: Strikes out looking
|
Batting: RHB Kunimatsu Oya
|
0-0: Ball 1-0: Ball 2-0: Called Strike 2-1: Called Strike 2-2: Strikes out swinging
|
Batting: RHB Eric Erickson
|
0-0: Called Strike 0-1: Ball 1-1: Ball 2-1: Foul Ball, location: 2F 2-2: Foul Ball, location: 2F 2-2: Ball 3-2: Foul Ball, location: 2F 3-2: Foul Ball, location: 2F 3-2: Ground out U3 (Groundball, 3L, EV 85.0 MPH)
|
Bottom of the 5th over - 0 runs, 1 hit, 0 errors, 1 left on base; Lansing 14 - Lexington 0 |
TOP OF THE 6TH |
Lansing Lugnuts batting - Pitching for Lexington Legends : LHP David Bearden
|
Batting: RHB Kyle Davis
|
0-0: Ball 1-0: Ball 2-0: Ball 3-0: Called Strike 3-1: Base on Balls
|
Batting: RHB Brian Manson
|
0-0: Swinging Strike 0-1: Grounds into double play, 6-4-3 (Groundball, 6, EV 85.6 MPH)
|
Batting: RHB Taylor Peavey
|
0-0: Called Strike 0-1: Reached on error, E5 (Groundball, 56, EV 83.8 MPH)
|
Batting: LHB Eddie Muniz
|
0-0: Ball Balk! Taylor Peavey to second 1-0: Ball 2-0: Foul Ball, location: 2F 2-1: Foul Ball, location: 2F 2-2: Ball 3-2: SINGLE (Groundball, 34D, EV 100.0 MPH) Taylor Peavey to third Runner from 3rd tries for Home, SAFE, throw by RF to home
|
Batting: RHB Mike Strey
|
0-0: Ball Wild Pitch! Eddie Muniz to second 1-0: SINGLE (Line Drive, 9S, EV 101.2 MPH) Eddie Muniz to third Runner from 3rd tries for Home, SAFE, throw by RF to home
|
Batting: SHB Tristan Dearing
|
0-0: Called Strike 0-1: Ball 1-1: Ball 2-1: Called Strike 2-2: Ground out 4-3 (Groundball, 4, EV 80.6 MPH)
|
Top of the 6th over - 2 runs, 2 hits, 1 error, 1 left on base; Lansing 16 - Lexington 0 |
BOTTOM OF THE 6TH |
Lexington Legends batting - Pitching for Lansing Lugnuts : LHP Steve Pratt
|
Batting: SHB Ryoji Hiraoka
|
0-0: Swinging Strike 0-1: Foul Ball, location: 2F 0-2: Ball 1-2: Ball 2-2: Ball 3-2: Foul Ball, location: 2F 3-2: Strikes out looking
|
Batting: RHB Doug Carter
|
0-0: Ground out 1-3 (Groundball, 25, EV 68.1 MPH)
|
Batting: RHB Andy Urquhart
|
0-0: Ball 1-0: Swinging Strike 1-1: Ball 2-1: Ball 3-1: Foul Ball, location: 2F 3-2: Foul Ball, location: 2F 3-2: Base on Balls
|
Batting: LHB Robert Wilkins
|
0-0: Ball 1-0: Ball 2-0: Foul Ball, location: 2F 2-1: Foul Ball, location: 2F 2-2: Ball 3-2: Foul Ball, location: 2F 3-2: Strikes out swinging
|
Bottom of the 6th over - 0 runs, 0 hits, 0 errors, 1 left on base; Lansing 16 - Lexington 0 |
TOP OF THE 7TH |
Lansing Lugnuts batting - Pitching for Lexington Legends : LHP David Bearden
|
Batting: LHB Frank Nelson
|
0-0: Ball 1-0: Foul Ball, location: 2F 1-1: Foul Ball, location: 2F 1-2: Reached on error, E5 (Groundball, 56, EV 83.8 MPH)
|
Batting: RHB Tokuji Kawabata
|
0-0: Ball 1-0: Called Strike 1-1: Foul Ball, location: 2F 1-2: Ball 2-2: Fly out, F8 (Flyball, 8RD, EV 102.5 MPH)
|
Batting: RHB Justin Geiger
|
0-0: Fielders Choice at 2nd, 3-6 (Groundball, 34, EV 90.6 MPH)
|
Batting: RHB Kyle Davis
|
0-0: Reached on error, E6 (Groundball, 6, EV 88.1 MPH) Justin Geiger to second
|
Batting: RHB Brian Manson
|
0-0: Ball 1-0: Ball 2-0: SINGLE (Line Drive, 4M, EV 96.9 MPH) Justin Geiger to third Kyle Davis to second Runner from 3rd tries for Home, SAFE, throw by CF to home
|
Batting: RHB Taylor Peavey
|
0-0: Ball 1-0: Called Strike 1-1: Ball 2-1: Foul Ball, location: 2F 2-2: Strikes out swinging
|
Top of the 7th over - 1 run, 1 hit, 2 errors, 2 left on base; Lansing 17 - Lexington 0 |
BOTTOM OF THE 7TH |
Lexington Legends batting - Pitching for Lansing Lugnuts : LHP Steve Pratt
|
Now at 1B: Jody Hudson
|
|
Batting: RHB Pete Deschamps
|
0-0: Ball 1-0: Called Strike 1-1: Swinging Strike 1-2: Strikes out swinging
|
Batting: RHB Ben Garrett
|
0-0: Ball 1-0: Foul Ball, location: 2F 1-1: Called Strike 1-2: Strikes out swinging
|
Batting: RHB Nate De Jongh
|
0-0: Ball 1-0: Swinging Strike 1-1: Foul Ball, location: 2F 1-2: Strikes out swinging
|
Bottom of the 7th over - 0 runs, 0 hits, 0 errors, 0 left on base; Lansing 17 - Lexington 0 |
TOP OF THE 8TH |
Lansing Lugnuts batting - Pitching for Lexington Legends : LHP David Bearden
|
Batting: LHB Eddie Muniz
|
0-0: Ball 1-0: Ball 2-0: Called Strike 2-1: SINGLE (Groundball, 4D, EV 94.4 MPH)
|
Batting: RHB Mike Strey
|
0-0: Foul Ball, location: 2F 0-1: Ball 1-1: Ball 2-1: Fly out, F8 (Flyball, 8RM, EV 87.5 MPH)
|
Batting: SHB Tristan Dearing
|
0-0: Foul Ball, location: 2F 0-1: Grounds into double play, 4-6-3 (Groundball, 4M, EV 98.8 MPH)
|
Top of the 8th over - 0 runs, 1 hit, 0 errors, 0 left on base; Lansing 17 - Lexington 0 |
BOTTOM OF THE 8TH |
Lexington Legends batting - Pitching for Lansing Lugnuts : LHP Steve Pratt
|
Batting: RHB Kunimatsu Oya
|
0-0: Swinging Strike 0-1: Foul Ball, location: 2F 0-2: Foul Ball, location: 2F 0-2: Foul Ball, location: 2F 0-2: Strikes out swinging
|
Batting: RHB Eric Erickson
|
0-0: Ball 1-0: Ball 2-0: Called Strike 2-1: Called Strike 2-2: Ball 3-2: Strikes out swinging
|
Batting: SHB Ryoji Hiraoka
|
0-0: Ball 1-0: Ball 2-0: Called Strike 2-1: Ball 3-1: Swinging Strike 3-2: Base on Balls
|
Pitching: LHP Antonio Villarreal
|
|
Batting: RHB Doug Carter
|
0-0: Ball 1-0: Foul Ball, location: 2F 1-1: Foul Ball, location: 2F 1-2: Strikes out swinging
|
Bottom of the 8th over - 0 runs, 0 hits, 0 errors, 1 left on base; Lansing 17 - Lexington 0 |
TOP OF THE 9TH |
Lansing Lugnuts batting - Pitching for Lexington Legends : LHP David Bearden
|
Batting: LHB Frank Nelson
|
0-0: Called Strike 0-1: SINGLE (Groundball, 3D, EV 95.0 MPH)
|
Batting: RHB Tokuji Kawabata
|
0-0: Ball 1-0: Ball 2-0: Ball 3-0: Base on Balls Frank Nelson to second
|
Batting: LHB Jody Hudson
|
0-0: Ball 1-0: Fielders Choice at 2nd, 3-6 (Groundball, 3, EV 88.1 MPH) Frank Nelson to third
|
Batting: RHB Kyle Davis
|
0-0: Ball 1-0: Ball 2-0: Swinging Strike 2-1: Swinging Strike 2-2: Foul Ball, location: 2F 2-2: Foul Ball, location: 2F 2-2: Ball 3-2: Base on Balls Jody Hudson to second
|
Batting: RHB Brian Manson
|
0-0: Foul Ball, location: 2F 0-1: Grounds into double play, 5-4-3 (Groundball, 56S, EV 78.1 MPH)
|
Top of the 9th over - 0 runs, 1 hit, 0 errors, 2 left on base; Lansing 17 - Lexington 0 |
BOTTOM OF THE 9TH |
Lexington Legends batting - Pitching for Lansing Lugnuts : LHP Antonio Villarreal
|
Batting: RHB Andy Urquhart
|
0-0: Swinging Strike 0-1: Foul Ball, location: 2F 0-2: Ball 1-2: Ball 2-2: Strikes out swinging
|
Batting: LHB Robert Wilkins
|
0-0: Ball 1-0: Called Strike 1-1: Swinging Strike 1-2: Ball 2-2: Ball 3-2: Base on Balls
|
Batting: RHB Pete Deschamps
|
0-0: Called Strike 0-1: Ball 1-1: Swinging Strike 1-2: Strikes out looking
|
Batting: RHB Ben Garrett
|
0-0: Fielders Choice at 2nd, 5-4 (Groundball, 56, EV 86.2 MPH)
|
Bottom of the 9th over - 0 runs, 0 hits, 0 errors, 1 left on base; Lansing 17 - Lexington 0 |
|